Construct Section Command Post
Selects Air and Sea Battlegroup
Construct Platoon Command Post
Unlock M3 Stuart Light Tanks
Selects Commando Section Paradrop
Unlock Bishop Self-propelled Artillery
Commando Section Paradrop
Bishop Self-propelled Artillery
Bishop Self-propelled Artillery
Bishop Self-propelled Artillery
Bishop Self-propelled Artillery
Construct Company Command Post
Selects Commando Support Section Paradrop
Bishop Self-propelled Artillery
Bishop Self-propelled Artillery
Selects Incendiary Bombing Run